AoeStats
← [PFB] Treibholz [CH]

MegaRandom

510135514Analyzed
4v4 RM · 3d ago on Sep 29, 2026· 81m 59s· 8 players
Game mode
Random Map
Map size
Large (8 player)
Population
200
Speed
Normal
Resources
Standard
Victory
Conquest
Starting age
Dark Age
Ending age
Imperial Age
RankedLock teamsTeams togetherTeam positionsShared explorationLock speedFull tech treeHidden civsTurbo modeCheats
Victory
Defeat
🇨🇭 Teutons · Switzerland
898
+11
🇨🇭 Britons · Switzerland
836
+13
🇺🇸 Franks · United States
782
+15
🇧🇷 Turks · Brazil
739
+18
🇮🇩 Britons · Indonesia
810
-16
🇩🇪 Aztecs · Germany
774
-14
🇨🇳 Wu · China
757
-14
🇪🇸 Chinese · Spain
755
-13
GibranRakatiwing
David Ygra
7:38 Loom
16:23 Feudal Age
16:55 Double-Bit Axe
20:21 Wheelbarrow
19:32 Town Watch
22:48 Castle Age
24:52 Medium Warships
29:31 Bow Saw
38:15 Fletching
45:38 Elite Skirmisher
45:39 Crossbowman
47:50 Pikeman
50:35 Fishing Lines
57:18 Sanctity
57:10 Fervor
58:25 Redemption
77:03 Eagle Warrior
79:40 Squires
79:27 Gambesons
79:30 Arson
Khirs
3:25 Loom
15:49 Feudal Age
17:03 Double-Bit Axe
20:56 Fletching
23:13 Padded Archer Armor
32:13 Castle Age
30:49 Stone Mining
31:04 Scale Mail Armor
32:20 Pikeman
33:19 Bodkin Arrow
34:24 Stone Shaft Mining
41:24 Gold Mining
42:26 Bow Saw
45:53 Imperial Age
44:33 Thumb Ring
46:48 Leather Archer Armor
46:26 Halberdier
47:31 Conscription
48:54 Rocketry
49:02 Bracer
52:35 Wheelbarrow
52:26 Ballistics
54:27 Horse Collar
56:24 Ring Archer Armor
56:04 Forging
57:10 Chemistry
59:00 Iron Casting
61:49 Blast Furnace
61:05 Chain Mail Armor
60:56 Murder Holes
63:18 Great Wall
66:00 Plate Mail Armor
64:59 Elite Chu Ko Nu
74:42 Fortified Wall
GMTY0712
13:26 Loom
19:37 Feudal Age
22:39 Town Watch
24:59 Forging
24:55 Scale Barding Armor
26:05 Fletching
28:20 Castle Age
26:38 Horse Collar
26:46 Double-Bit Axe
28:40 Bloodlines
29:13 Wheelbarrow
29:28 Husbandry
28:49 Light Cavalry
34:38 Iron Casting
34:24 Chain Barding Armor
37:20 Gold Mining
37:20 Stone Mining
37:43 Bow Saw
37:34 Heavy Plow
39:09 Elite Skirmisher
44:40 Imperial Age
42:28 Hand Cart
42:13 Town Patrol
44:02 Bodkin Arrow
44:07 Padded Archer Armor
48:56 Gold Shaft Mining
48:57 Stone Shaft Mining
49:26 Two-Man Saw
48:53 Conscription
50:12 Chemistry
49:33 Ballistics
48:53 Treadmill Crane
49:24 Masonry
49:09 Murder Holes
49:06 Guard Tower
49:21 Bracer
49:37 Leather Archer Armor
49:22 Scale Mail Armor
50:23 Blast Furnace
53:23 Red Cliffs Tactics
52:48 Elite Fire Archer
53:29 Sitting Tiger
56:05 Plate Barding Armor
55:46 Chain Mail Armor
54:57 Heavy Hei Guang Cavalry
55:27 Pikeman
56:09 Squires
59:02 Halberdier
61:49 Plate Mail Armor
62:50 Man-at-Arms
63:16 Arson
64:14 Long Swordsman
64:58 Two-Handed Swordsman
67:34 Champion
79:29 Architecture
79:35 Keep
Cypress Fever
4:45 Loom
18:49 Feudal Age
20:18 Wheelbarrow
19:55 Double-Bit Axe
26:05 Gold Mining
26:05 Stone Mining
32:00 Castle Age
35:56 Hand Cart
43:51 Gold Shaft Mining
46:30 Imperial Age
43:33 Light Cavalry
44:14 Husbandry
45:35 Forging
45:30 Scale Barding Armor
45:26 Scale Mail Armor
46:51 Cavalier
48:12 Chivalry
48:34 Conscription
48:26 Paladin
49:29 Pikeman
49:55 Gambesons
50:10 Squires
49:56 Arson
51:46 Iron Casting
51:32 Chain Barding Armor
51:28 Chain Mail Armor
51:15 Halberdier
58:49 Blast Furnace
58:25 Plate Barding Armor
58:21 Plate Mail Armor
62:07 Bow Saw
[PFB] Treibholz [CH]
16:36 Feudal Age
17:14 Double-Bit Axe
22:07 Castle Age
21:34 Loom
23:47 Medium Warships
26:06 Wheelbarrow
26:53 Bloodlines
26:53 Scale Barding Armor
26:58 Forging
33:41 Town Watch
41:18 Imperial Age
39:05 Hand Cart
38:51 Town Patrol
42:37 Iron Casting
42:32 Chain Barding Armor
41:36 Cavalier
42:52 Bow Saw
42:25 Horse Collar
43:31 Paladin
44:11 Stone Mining
44:14 Gold Mining
45:34 Blast Furnace
45:59 Two-Man Saw
45:02 Heavy Plow
48:12 Plate Barding Armor
47:29 Fletching
52:25 Stone Shaft Mining
58:16 Caravan
63:19 Conscription
62:40 Elite Teutonic Knight
63:45 Scale Mail Armor
63:42 Bodkin Arrow
65:21 Crenellations
67:26 Crop Rotation
70:25 Chain Mail Armor
74:03 Plate Mail Armor
[PFB] thedömv
18:14 Feudal Age
19:43 Double-Bit Axe
23:10 Man-at-Arms
52:08 Wheelbarrow
57:29 Forging
58:38 Horse Collar
59:13 Town Watch
59:51 Scale Mail Armor
61:31 Padded Archer Armor
64:50 Fletching
75:39 Castle Age
77:42 Arson
79:18 Heavy Plow
79:33 Bow Saw
79:03 Pikeman
80:54 Squires
81:16 Chain Mail Armor
81:39 Iron Casting
emerson005588
Connection lost

Rejoining the realm…

Still unreachable

The connection could not be restored.

Session expired

The server has moved on; the page needs a fresh start.